 Dungeon Crawl Stone Soup version 0.25-a0-972-g74ed164fb1 (webtiles) character file.

Game seed: 3477189272961732278, levelgen mode: deterministic

525 Azyl the Chopper (level 7, -17/41 HPs)
             Began as a Gargoyle Berserker on May 9, 2020.
             Was a Believer of Trog.
             Engulfed by a cloud of flame (26 damage)
             ... on level 4 of the Dungeon.
             The game lasted 00:11:58 (4689 turns).

Azyl the Chopper (Gargoyle Berserker)               Turns: 4689, Time: 00:11:58

Health: -17/41     AC: 13    Str: 23    XL:     7   Next: 23%
Magic:  7/7        EV:  7    Int:  7    God:    Trog [**....]
Gold:   137        SH:  3    Dex:  9    Spells: 6/6 levels left

rFire    . . .     SeeInvis .   a - +1 hand axe
rCold    . . .     Gourm    .   r - +0 buckler
rNeg     + . .     Faith    .   i - +0 chain mail
rPois    ∞         Spirit   .   (no helmet)
rElec    +         Reflect  .   (no cloak)
rCorr    .         Harm     .   (no gloves)
MR       .....                  (no boots)
Stlth    ..........             (no amulet)
HPRegen  0.13/turn              (no ring)
MPRegen  0.10/turn              (no ring)

@: no status effects
A: negative energy resistance 1, electricity resistance, unbreathing,
petrification resistance, rot immunity, AC +4
a: Berserk, Trog's Hand, Renounce Religion


You were on level 4 of the Dungeon.
You worshipped Trog.
Trog was pleased with you.
You were hungry.

You visited 1 branch of the dungeon, and saw 4 of its levels.

You collected 137 gold pieces.

Inventory:

Hand Weapons
 a - a +1 hand axe (weapon)
Missiles
 p - 4 poisoned darts (quivered)
Armour
 i - a +0 chain mail (worn)
 r - a +0 buckler (worn)
Jewellery
 f - a cursed ring of teleportation {unknown}
Wands
 q - a wand of flame (15)
Scrolls
 d - 2 scrolls of fog {unknown}
 g - 3 scrolls of blinking {unknown}
 h - 2 scrolls of identify
 k - a scroll of magic mapping
Potions
 b - a potion of magic
 e - 2 potions of might {unknown}
 j - 2 potions of haste
Comestibles
 c - 7 rations


   Skills:
 - Level 3.2 Fighting
 * Level 7.3 Axes
 - Level 2.1 Armour
 - Level 1.5 Dodging
 - Level 0.2 Stealth
 + Level 0.4 Shields


You had 6 spell levels left.
You didn't know any spells.
Your spell library was empty.

Dungeon Overview and Level Annotations

Branches:
Dungeon (4/15)             Temple (0/1) D:4

Altars:
Elyvilon
Nemelex Xobeh
Qazlal


Innate Abilities, Weirdness & Mutations

You are resistant to torment.
Your stone body is resilient. (AC +4)
You are immune to poison.
You resist negative energy. (rN+)
You are resistant to electric shocks. (rElec)
You can survive without breathing.
You are immune to petrification.
You are immune to rotting.


Message History

Press ? for a list of commands and other information.
Okay, then.
Okay, then.
There is a stone staircase leading up here.
You see here 16 stones.
Really walk into a travel-excluded area? [Y]es or [N]o only, please.
Really walk into a travel-excluded area? [Y]es or [N]o only, please.
Really walk into a travel-excluded area?
Really walk into that cloud of flame?
You are engulfed in blazing flames.
Really walk into that cloud of flame?
You are engulfed in blazing flames.
Ouch! That really hurt!
* * * LOW HITPOINT WARNING * * *
Really walk into that cloud of flame?
You are engulfed in blazing flames.
Ouch! That really hurt!
You die...

#.# ##.........###..##.# #
#.####...####........##.### #
#............##.###.###...# #
######...###.##.# #.# ###.# #
#...## #.##.###.# #.# # #.###
#(##.....# #.# # #.# #.##.#####
#.### ################.# #....
#°......°....○@...#.#######<.##
#.............○...#..........#
#..........☼......#.#######(##
#.........°○..○☼..#.#######.###
#......○..........#............
#......○..........#########.##.
#.................8.........##.
#>..................#######.##.
#.................8### #.##.


There were no monsters in sight!

Vanquished Creatures
  An ogre (D:4)
  Blork the orc (D:4)
  A scorpion (D:4)
  A hound (D:4)
  3 orc wizards
  A centaur skeleton (D:4)
  A hound skeleton (D:4)
  6 adders
  4 gnolls (D:3)
  An ooze (D:1)
  4 worms
  11 orcs
  4 bats
  5 hobgoblins
  4 jackals (D:1)
  A ball python (D:4)
  4 frilled lizards
  5 goblins
  3 kobolds
  4 rats
65 creatures vanquished.

Notes
Turn   | Place    | Note
-------+----------+-------------------------------------------
     0 | D:1      | Azyl the Gargoyle Berserker began the quest for the Orb.
     0 | D:1      | Reached XP level 1. HP: 14/14 MP: 1/1
   236 | D:1      | Reached skill level 3 in Axes
   236 | D:1      | Reached XP level 2. HP: 17/19 MP: 2/2
  1096 | D:2      | Reached XP level 3. HP: 9/23 MP: 3/3
  1547 | D:2      | Reached skill level 4 in Axes
  1696 | D:2      | Reached XP level 4. HP: 25/28 MP: 4/4
  1755 | D:2      | Found a sparkling altar of Nemelex Xobeh.
  1755 | D:2      | Found a stormy altar of Qazlal.
  2533 | D:3      | Reached skill level 5 in Axes
  2534 | D:3      | Reached XP level 5. HP: 32/32 MP: 5/5
  2748 | D:3      | Reached ** piety under Trog
  3568 | D:4      | Noticed an ogre
  3579 | D:4      | Killed an ogre
  3579 | D:4      | Reached skill level 6 in Axes
  3579 | D:4      | Reached XP level 6. HP: 16/37 MP: 6/6
  4085 | D:4      | Found a staircase to the Ecumenical Temple.
  4319 | D:4      | Found a white marble altar of Elyvilon.
  4333 | D:4      | Reached skill level 7 in Axes
  4333 | D:4      | Reached XP level 7. HP: 38/41 MP: 7/7
  4365 | D:4      | Noticed Blork the orc
  4385 | D:4      | Killed Blork the orc
  4689 | D:4      | Engulfed by a cloud of flame

Illustrated notes

Levels and vault maps discovered:
D:1:      co_arrival_hall_of_pillars, layout_basic
D:2:      layout_basic, gammafunk_temple_overflow_wave, first_ration
D:3:      layout_basic, nrook_mini_vaults
D:4:      layout_loops_ring, elyvilon_altar_3, lemuel_temple_firewalk_a,
          uniq_blork_the_orc

Skill      XL: |  1  2  3  4  5  6 |
---------------+-------------------+-----
Axes           | 3 4 5 6 7 |  7.3
Fighting       | |  3.2
Armour         | |  2.1
Dodging        | |  1.5
Stealth        | |  0.2
Shields        | |  0.4

Action                   |  1- 3 |  4- 6 |  7- 9 || total
-------------------------+-------+-------+-------++-------
Melee: Hand axe          |   101 |   220 |     8 ||   329
Throw: Dart              |       |     1 |       ||     1
Invok: Berserk           |     1 |     4 |     1 ||     6
  Use: Scroll            |       |     8 |       ||     8
  Eat: Ration            |     1 |     1 |       ||     2
       Chunk             |       |     9 |     1 ||    10
Armor: Animal skin       |    35 |       |       ||    35
       Scale mail        |       |    70 |       ||    70
       Chain mail        |       |    30 |     5 ||    35
Dodge: Dodged            |    66 |    88 |     1 ||   155
Block: Buckler           |       |     9 |       ||     9

Table legend:
 A = Non-vault XP
 B = Vault XP
 C = Vault XP percentage of total XP
 D = Non-vault monster count
 E = Vault monster count
 F = Vault count percentage of total count
                 A         B        C        D         E       F
            +---------+---------+-------+---------+---------+-------
      Total |     655 |      96 |  12.8 |      64 |       1 |   1.5
            +---------+---------+-------+---------+---------+-------
        D:1 |      29 |       0 |   0.0 |      14 |       0 |   0.0
        D:2 |      63 |       0 |   0.0 |       9 |       0 |   0.0
        D:3 |     165 |       0 |   0.0 |      29 |       0 |   0.0
        D:4 |     398 |      96 |  19.4 |      12 |       1 |   7.7
            +---------+---------+-------+---------+---------+-------
